 Dungeon Sprint DCSS version 0.14-a0-3491-gb7ac591 (webtiles) character file.

1204 BluebellGnoll the Spry (level 8, 0/39 HPs)
             Began as a Spriggan Berserker on Mar 25, 2014.
             Was a Priest of Trog.
             Killed from afar by an oklob plant (12 damage)
             ... with a splash of acid
             ... in the Dungeon (Sprint IV: "Fedhas' Mad Dash").
             The game lasted 00:05:01 (393 turns).

BluebellGnoll the Spry (Spriggan Berserker)          Turns: 393, Time: 00:05:01

HP   0/39        AC  2     Str 14      XL: 8   Next: 13%
MP  16/16        EV 33     Int  9      God: Trog [***...]
Gold 79          SH  0     Dex 16      Spells:  0 memorised,  7 levels left

rFire  . . .     SeeInvis +     n - +0 short sword
rCold  . . .     Clarity  .     b - +0 animal skin
rNeg   . . .     Conserve .     (shield restricted)
rPois  .         rCorr    .     (helmet restricted)
rElec  .         rRot     .     (no cloak)
SustAb . .       Spirit   .     (gloves unavailable)
rMut   .         Warding  .     (boots unavailable)
Saprov . . .     NoTele   +     (no amulet)
MR     +....                    (no ring)
                                l - ring of invisibility

@: very quick, somewhat resistant to hostile enchantments, extremely stealthy
A: unfitting armour, see invisible, herbivore 3, speed 3, slow metabolism 2
a: Burn Spellbooks, Berserk, Trog's Hand, Renounce Religion, Evoke Invisibility


You were in the Dungeon.
You worshipped Trog.
Trog was most pleased with you.
You were not hungry.

You visited 1 branch You collected 79 gold pieces.

Inventory:

Hand weapons
 n - a +0,+0 short sword (weapon)
Armour
 b - a +0 animal skin (worn)
Comestibles
 m - 2 honeycombs
Scrolls
 i - a scroll of blinking
 k - a scroll of identify {unknown}
Jewellery
 j - an uncursed ring of ice
 l - a ring of invisibility (left hand)
Potions
 c - a potion of porridge
 d - a potion of curing
 e - a potion of heal wounds
 f - a potion of haste
 g - 3 potions of magic
 h - a potion of berserk rage


   Skills:
 - Level 2.4 Fighting
 + Level 7.6 Short Blades
 - Level 19.3 Dodging
 - Level 12.4 Stealth


You had 7 spell levels left.
You didn't know any spells.

Dungeon Overview and Level Annotations

Branches:
Dungeon (1/1)

Altars:
Cheibriados
Elyvilon
Kikubaaqudgha
Makhleb
Nemelex Xobeh
Okawaru
Sif Muna
Trog
Vehumet
Zin
The Shining One
Jiyva
Lugonu

Annotations:
D exclusions: oklob plant and 2 oklob saplings


Innate Abilities, Weirdness & Mutations

You are tiny and cannot use many weapons and most armour.
You have supernaturally acute eyesight.
You are a herbivore.
You cover ground extremely quickly.
You need consume almost no food.


Message History

You close the door.
You hear a shout!
An ogre opens the door.
The burning bush throws fire at you. The puff of flame hits you!
Your ogre hits the burning bush with a giant spiked club!
The burning bush is destroyed!
Your Short Blades skill increases to level 7!
Really walk into a travel-excluded area?
The oklob sapling spits acid at you. The splash of acid hits your ogre.
Your ogre writhes in agony as its flesh is eaten away!
There is an open door, spattered with blood here.
Your ogre rages.
The oklob sapling spits acid at you. The splash of acid hits your ogre.
Your ogre writhes in agony as its flesh is eaten away!
The oklob plant spits acid at you. The splash of acid hits you!
The acid burns!
You die...

#<..f#.....#.....#.⌠.....
#ff..'.....'.#...+._._._.
#ffff#.....#.#...#.._._P_
###############'##._._._.
#...♣........'...#.⌠.....
#......♣.....#...########
#.....♣).♣..######
##'####'######P"+
#%.#....@...O.f.#
#..#.|###....P..# #######
#######


You could see an oklob plant, a wandering mushroom, an oklob sapling and a
friendly ogre (berserk).

Vanquished Creatures
  An oklob plant (D)
  A queen bee (D)
  4 killer bees (D)
  2 oklob saplings (D)
  A worker ant (D)
  A green rat (D)
  A rat (D)
11 creatures vanquished.

Vanquished Creatures (collateral kills)
  2 burning bushes (D)
2 creatures vanquished.

Grand Total: 13 creatures vanquished

Notes
Turn   | Place    | Note
--------------------------------------------------------------
     0 | D        | BluebellGnoll, the Spriggan Berserker, began the quest for the Orb.
     0 | D        | Reached XP level 1. HP: 11/11 MP: 2/2
    10 | D        | Reached skill level 6 in Stealth
    10 | D        | Reached XP level 2. HP: 16/16 MP: 4/4
    19 | D        | Acquired Trog's second power
    66 | D        | Noticed an oklob sapling
    70 | D        | Killed an oklob sapling
    70 | D        | Reached skill level 9 in Stealth
    70 | D        | Reached XP level 3. HP: 19/19 MP: 6/6
    72 | D        | Noticed a worker ant
    74 | D        | Killed a worker ant
    74 | D        | Reached skill level 11 in Stealth
   107 | D        | Noticed an oklob sapling
   110 | D        | Killed an oklob sapling
   110 | D        | Reached skill level 12 in Stealth
   110 | D        | Reached XP level 4. HP: 23/23 MP: 8/8
   122 | D        | Found a snail-covered altar of Cheibriados.
   122 | D        | Found a glowing silver altar of Zin.
   122 | D        | Found a white marble altar of Elyvilon.
   123 | D        | Found a glowing golden altar of the Shining One.
   123 | D        | Found a viscous altar of Jiyva.
   123 | D        | Found a radiant altar of Vehumet.
   123 | D        | Found a deep blue altar of Sif Muna.
   123 | D        | Found an ancient bone altar of Kikubaaqudgha.
   123 | D        | Found a bloodstained altar of Trog.
   123 | D        | Found a corrupted altar of Lugonu.
   123 | D        | Noticed an oklob sapling priest
   124 | D        | Found a burning altar of Makhleb.
   124 | D        | Found a sparkling altar of Nemelex Xobeh.
   125 | D        | Found an iron altar of Okawaru.
   138 | D        | Noticed a killer bee
   138 | D        | Noticed a queen bee
   139 | D        | Noticed a killer bee
   139 | D        | Noticed a killer bee
   140 | D        | Noticed a killer bee
   146 | D        | Killed a killer bee
   147 | D        | Killed a killer bee
   147 | D        | Reached skill level 10 in Dodging
   147 | D        | Reached XP level 5. HP: 27/27 MP: 7/10
   149 | D        | Killed a killer bee
   151 | D        | Killed a killer bee
   151 | D        | Reached skill level 13 in Dodging
   152 | D        | Killed a queen bee
   152 | D        | Reached skill level 16 in Dodging
   152 | D        | Reached XP level 6. HP: 32/32 MP: 9/12
   154 | D        | Acquired Trog's third power
   160 | D        | Noticed an oklob plant
   169 | D        | Killed an oklob plant
   169 | D        | Reached skill level 19 in Dodging
   169 | D        | Reached XP level 7. HP: 19/35 MP: 11/14
   364 | D        | Noticed a burning bush
   377 | D        | Killed a burning bush
   377 | D        | Reached XP level 8. HP: 28/39 MP: 16/16
   386 | D        | Noticed an oklob sapling
   386 | D        | Noticed a wandering mushroom
   386 | D        | Noticed a burning bush
   386 | D        | Noticed an oklob plant
   390 | D        | Killed a burning bush
   393 | D        | Killed from afar by an oklob plant

Action                   |  1- 3 |  4- 6 |  7- 9 || total
-------------------------+-------+-------+-------++-------
Melee: Short sword       |    11 |    11 |     9 ||    31
Invok: Berserk           |     2 |     1 |       ||     3
       Brothers in Arms  |       |       |     1 ||     1
 Abil: Evoke Invisibilit |       |     1 |       ||     1
 Stab: Sleeping          |     1 |     6 |     1 ||     8
